 Dungeon Crawl Stone Soup version 0.18-a0-867-gfd1cc8f (webtiles) character file.

5967 4thArraOfDagon the Covert (level 10, -5/40 HPs)
             Began as a Felid Fighter on Dec 21, 2015.
             Was a Priest of Makhleb.
             Slain by an iguana (12 damage)
             ... on level 6 of the Lair of Beasts.
             The game lasted 00:41:13 (6268 turns).

4thArraOfDagon the Covert (Felid Fighter)           Turns: 6268, Time: 00:41:13

Health: -5/40      AC:  2    Str: 10      XL:     10   Next: 55%
Magic:  18/18      EV: 23    Int: 12      God:    Makhleb [***...]
Gold:   455        SH:  0    Dex: 16 (17) Spells: 5 memorised, 2 levels left
                                        Lives:  0   Deaths: 3

rFire  + . .     SeeInvis +       - Unarmed
rCold  . . .     Gourm    .     (armour unavailable)
rNeg   . . .     Faith    .     (shield unavailable)
rPois  .         Spirit   .     (helmet unavailable)
rElec  .         Dismiss  .     (cloak unavailable)
rCorr  .         Reflect  .     (gloves unavailable)
SustAt .         Harm     +     (boots unavailable)
MR     +....                    u - amulet of harm
Stlth  ++++++....               x - ring of protection from fire
                                t - ring of flight

@: quick, somewhat resistant to hostile enchantments, very stealthy
A: no armour, no weapons or thrown items, claws 1, fangs 3, horns 1, see
invisible, blink, carnivore 3, deterioration 1, speed 1, frail 1, shaggy fur 2,
slow metabolism 1, weak 1, wild magic 1, evolution 1, sharp paws
a: Blink, Minor Destruction, Lesser Servant of Makhleb, Renounce Religion, Evoke
Flight


You were on level 6 of the Lair of Beasts.
You worshipped Makhleb.
Makhleb was most pleased with you.
You were very full.

You visited 3 branches of the dungeon, and saw 22 of its levels.
You also visited: Labyrinth.

You collected 455 gold pieces.

Inventory:

Jewellery
 o - an uncursed amulet of dismissal
 t - a ring of flight (left paw)
 u - an amulet of harm (around neck)
 x - a ring of protection from fire (right paw)
Wands
 d - a wand of slowing (0/48)
 e - a wand of fireball (6/15)
 f - a wand of enslavement (10/24)
 i - a wand of slowing (21/48)
 n - a wand of disintegration (14/24)
 q - a wand of random effects (10/48)
 r - a wand of disintegration (13/24)
 A - a wand of disintegration (16/24)
 B - a wand of confusion (25/48)
Scrolls
 c - 4 scrolls of remove curse
 g - 6 scrolls of noise
 m - 4 scrolls of teleportation
 s - a scroll of blinking
 w - a scroll of magic mapping
Potions
 a - 2 potions of might
 h - 2 potions of agility {unknown}
 j - a potion of cancellation {unknown}
 k - a potion of haste {unknown}
 p - a potion of flight {unknown}
 z - 3 potions of lignification
Books
 y - a Young Poisoner's Handbook

   Spells                             Type                      Level
   a - Sting                          Conjuration/Poison           1
   b - Cure Poison                    Poison                       2
   c - Mephitic Cloud                 Conjuration/Poison/Air       3
   d - Olgreb's Toxic Radiance        Poison                       4
   e - Venom Bolt                     Conjuration/Poison           5
 C - a book of Burglary

   Spells                             Type                      Level
   a - Swiftness                      Charms/Air                   2
   b - Passwall                       Transmutation/Earth          3
   c - Passage of Golubria            Translocation                4
   d - Lee's Rapid Deconstruction     Earth                        5
   e - Darkness                       Hexes                        6
   f - Invisibility                   Hexes                        6
Miscellaneous
 v - a plain deck of summoning {drawn: 7}
Comestibles
 b - 3 meat rations
 l - a royal jelly


   Skills:
 - Level 6.0 Fighting
 - Level 8.0 Dodging
 - Level 10.3 Stealth
 - Level 8.2 Unarmed Combat
 + Level 5.2 Spellcasting
 * Level 9.0 Transmutations
 * Level 7.3 Earth Magic


You had 2 spell levels left.
You knew the following spells:

 Your Spells              Type           Power        Failure   Level  Hunger
a - Stoneskin             Trmt/Erth      ####....     3%          2    ##.....
b - Statue Form           Trmt/Erth      ####.....    95%         6    #######
c - Cure Poison           Pois           #.........   50%         2    ##.....
d - Mephitic Cloud        Conj/Pois/Air  #.......     82%         3    ###....
e - Passage of Golubria   Tloc           N/A          100%        4    ####...


Dungeon Overview and Level Annotations

Branches:
Dungeon (15/15)            Temple (1/1) D:7            Lair (6/8) D:8
 Spider (0/4) Lair:4
  Swamp: Lair:3-6    Shoals: Lair:3-6     Slime: Lair:6-8       Orc: D:9-12
 Vaults: D:13-14     Depths: D:15

Altars:
Ashenzari
Elyvilon
Fedhas
Kikubaaqudgha
Makhleb
Nemelex Xobeh
Okawaru
Pakellas
Qazlal
Ru
Sif Muna
Trog
Vehumet
Xom
Yredelemnul

Shops:
D:9 %   D:13 *:

Annotations:
D:6 exclusion: iguana, pk666's ghost, novice MiBe
D:7 Charly's ghost, novice VSTm
D:8 LAIR, Erica
D:10 Harold
D:11 exclusion: upstairs
D:12 Azrael
D:13 exclusion: 2 downstairs, WhatIsLove's ghost, journeyman DsBe


Innate Abilities, Weirdness & Mutations

You cannot wear armour.
You are incapable of wielding weapons or throwing items.
You have sharp claws.
You have razor-sharp teeth.
You have supernaturally acute eyesight.
You are carnivorous and can eat meat at any time.
You cover ground quickly.
You are covered in thick fur (AC +2).
You have a slow metabolism.
Your sharp claws are effective at attacking unaware monsters.
You have a pair of small horns on your head.
You can translocate small distances at will.
Your body sometimes deteriorates upon taking damage.
You are frail (-10% HP).
You are weak. (Str -2)
Your spells are a little harder to cast, but a little more powerful.
You evolve.


Message History

Your water elemental hits the crocodile!
Your water elemental engulfs the crocodile in water!
The crocodile pulls free of the water.
Your water elemental barely misses the crocodile.
Your water elemental hits the crocodile!
The crocodile dies!
Makhleb accepts your kill.
Your Transmutations skill increases to level 9!
You swap places.
Your water elemental disappears in a puff of smoke!
An iguana comes into view.
Unknown command.
The iguana hisses angrily.
Unknown command.
A porcupine comes into view.
Found a scroll labeled SOMOYM XIXEE.
You closely miss the iguana. You headbutt the iguana.
The iguana is moderately wounded.
The iguana bites you!
You die...

#P........... ##..
#..........###....
#..........#...... ..
###.................
...##
#...................
.....###..............#..
.....P.............###.#
..............PP#.## #
..........@...#####
.....P...l...##
......P.....##
...........#.#
..........PP.#
.........P...P#
?....$........#
............#..#
.....###....#...


You could see an iguana.

Vanquished Creatures
  Erolcha (D:10)
  An unseen horror (D:15)
  A hill giant (D:10)
  An orb spider (shapeshifter) (D:13)
  A griffon (Lair:4)
  An ugly thing (D:13)
  A deep elf mage (D:13)
  A black mamba (Lair:2)
  Maurice (D:8)
  3 spiny frogs
  A komodo dragon (Lair:4)
  4 trolls
  2 two-headed ogres
  A wyvern (D:11)
  A trapdoor spider (shapeshifter) (D:12)
  A hungry ghost (D:11)
  A basilisk (Lair:4)
  A hippogriff (Lair:4)
  A mottled dragon (D:13)
  4 water moccasins
  2 sky beasts (D:11)
  4 ogres
  3 centaurs
  3 crocodiles
  5 giant frogs
  3 wights (D:9)
  A crimson imp (D:5)
  A quasit (D:8)
  A giant frog zombie (D:12)
  5 hounds
  A centaur zombie (D:10)
  2 giant frog skeletons
  2 orc wizards
  2 centaur skeletons
  4 iguanas
  A jelly (D:10)
  3 worker ants
  12 sheep
  A hound skeleton (D:8)
  7 adders
  A shadow imp (D:12)
  An adder skeleton (D:6)
  A giant gecko (D:4)
  12 orcs
  3 giant cockroaches
  A goblin (D:2)
  12 jackals
  2 kobolds
  A ball python skeleton (D:5)
  3 bats
  A giant gecko skeleton (D:4)
  A jackal skeleton (D:6)
  3 quokka skeletons
  3 rats (D:8)
137 creatures vanquished.

Vanquished Creatures (collateral kills)
  A minotaur (Lab)
  A trapdoor spider (Lab)
  2 crocodiles
  A scorpion (D:9)
5 creatures vanquished.

Vanquished Creatures (others)
  A hydra (D:12)
  A black bear (D:12)
  A centaur (D:7)
  An electric eel (D:12)
  3 gnolls (D:7)
  An orc (D:12)
8 creatures vanquished.

Grand Total: 150 creatures vanquished

Notes
Turn   | Place    | Note
--------------------------------------------------------------
     0 | D:1      | 4thArraOfDagon the Felid Fighter began the quest for the Orb.
     0 | D:1      | Reached XP level 1. HP: 10/10 MP: 2/2
    90 | D:2      | Reached skill level 1 in Stealth
   138 | D:2      | Reached XP level 2. HP: 14/14 MP: 3/3
   302 | D:4      | Reached XP level 3. HP: 17/17 MP: 4/4
   308 | D:5      | Entered Level 5 of the Dungeon
   341 | D:4      | Learned a level 2 spell: Stoneskin
   443 | D:4      | Reached skill level 5 in Stealth
   443 | D:4      | Reached XP level 4. HP: 21/21 MP: 5/5
   470 | D:5      | Found a shattered altar of Ashenzari.
   918 | D:4      | Noticed an ogre
   954 | D:5      | Noticed an ogre
   989 | D:6      | Found a blossoming altar of Fedhas.
   990 | D:6      | Noticed a phantom
  1011 | D:6      | Noticed a centaur
  1031 | D:6      | Noticed pk666's ghost (novice MiBe)
  1094 | D:6      | Reached skill level 1 in Earth Magic
  1094 | D:6      | Reached XP level 5. HP: 22/24 MP: 6/6
  1170 | D:7      | Noticed Charly's ghost (novice VSTm)
  1197 | D:7      | Noticed an ogre
  1201 | D:7      | Killed an ogre
  1201 | D:7      | Reached skill level 6 in Stealth
  1201 | D:7      | Reached skill level 1 in Spellcasting
  1201 | D:7      | Reached skill level 1 in Transmutations
  1221 | D:7      | Killed a centaur
  1225 | D:7      | Found a staircase to the Ecumenical Temple.
  1243 | D:8      | Noticed a water moccasin
  1245 | D:8      | Killed a water moccasin
  1245 | D:8      | Gained mutation: You are covered in thick fur (AC +2). [Felid growth]
  1245 | D:8      | Reached XP level 6. HP: 26/28 MP: 8/8
  1304 | D:8      | Noticed Erica
  1408 | D:8      | Noticed a two-headed ogre
  1412 | D:8      | Killed a two-headed ogre
  1412 | D:8      | Reached skill level 7 in Stealth
  1412 | D:8      | Reached skill level 5 in Unarmed Combat
  1412 | D:8      | Reached XP level 7. HP: 19/31 MP: 10/10
  1424 | D:8      | Learned a level 6 spell: Statue Form
  1457 | D:8      | Noticed a hill giant
  1532 | D:7      | Found a radiant altar of Vehumet.
  1551 | D:8      | Noticed a wyvern
  1559 | D:8      | HP: 1/31 [wyvern (5)]
  1566 | D:8      | Demolished by a wyvern
  1567 | D:8      | Reached XP level 6. HP: -14/28 MP: 9/9
  1625 | D:8      | Noticed Maurice
  1647 | D:8      | Killed Maurice
  1647 | D:8      | Reached skill level 5 in Dodging
  1647 | D:8      | Reached XP level 7. HP: 31/31 MP: 9/11
  1814 | Temple   | Entered the Ecumenical Temple
  1844 | Temple   | Became a worshipper of Makhleb the Destroyer
  2195 | D:5      | You fall through a shaft for 2 floors!
  2224 | D:7      | Reached XP level 8. HP: 5/36 MP: 12/12
  2384 | D:8      | Reached skill level 8 in Stealth
  2514 | D:9      | Noticed a troll
  2521 | D:9      | Killed a troll
  2663 | D:9      | Found Inleid's Food Boutique.
  2691 | D:10     | Entered Level 10 of the Dungeon
  2696 | D:10     | Noticed a hill giant
  2699 | D:10     | Killed a hill giant
  2699 | D:10     | Reached * piety under Makhleb
  2699 | D:10     | Reached skill level 5 in Transmutations
  2699 | D:10     | Reached XP level 9. HP: 19/39 MP: 14/14
  2762 | D:10     | Noticed Harold
  2934 | D:11     | Gained mutation: You are weak. (Str -2) [mutagenic meat]
  2936 | D:11     | Gained mutation: Your spells are a little harder to cast, but a little more powerful. [mutagenic meat]
  2937 | D:11     | Gained mutation: You are frail (-10% HP). [mutagenic meat]
  2938 | D:11     | Gained mutation: You can translocate small distances at will. [mutagenic meat]
  2949 | D:11     | Noticed an ogre mage
  2949 | D:11     | Noticed a centaur skeleton
  2949 | D:11     | Noticed a cyan ugly thing
  3037 | D:11     | Noticed a cyclops
  3101 | D:12     | Killed a five-headed hydra
  3324 | D:12     | Learned a level 2 spell: Cure Poison
  3328 | D:12     | Learned a level 3 spell: Mephitic Cloud
  3352 | D:12     | Noticed Azrael
  3384 | D:12     | Reached skill level 5 in Fighting
  3384 | D:12     | Reached skill level 9 in Stealth
  3384 | D:12     | Reached skill level 5 in Earth Magic
  3412 | D:13     | Noticed a deep elf mage
  3440 | D:13     | Killed a deep elf mage
  3473 | D:13     | Noticed an orb spider
  3475 | D:13     | Found a labyrinth entrance.
  3480 | D:13     | Killed an orb spider
  3489 | D:13     | Gained mutation: You evolve. [mutagenic meat]
  3490 | D:13     | Gained mutation: Your body sometimes deteriorates upon taking damage. [mutagenic meat]
  3496 | Lab      | Entered a labyrinth
  3716 | Lab      | Reached XP level 10. HP: 14/39 MP: 16/16
  3723 | Lab      | Noticed a minotaur
  3736 | Lab      | Killed a minotaur
  3931 | D:15     | Entered Level 15 of the Dungeon
  3931 | D:15     | Noticed an unseen horror
  3932 | D:15     | Killed an unseen horror
  3998 | D:14     | Noticed an ogre mage
  4051 | D:13     | Noticed a six-headed hydra
  4057 | D:13     | Slain by a six-headed hydra
  4058 | D:13     | Reached XP level 9. HP: -5/36 MP: 16/16
  4058 | D:13     | Found a shattered altar of Ashenzari.
  4075 | D:13     | Noticed a komodo dragon
  4181 | D:13     | Found Huvywutt's Book Shoppe.
  4193 | D:13     | Noticed a hill giant
  4278 | D:13     | Reached ** piety under Makhleb
  4304 | D:14     | Noticed a six-headed hydra
  4305 | D:14     | Noticed a centaur warrior
  4309 | D:14     | Noticed a deep elf mage
  4333 | D:13     | Noticed a red ugly thing
  4338 | D:13     | Killed a red ugly thing
  4346 | D:13     | Found Eme Isku's General Store.
  4351 | D:13     | Noticed WhatIsLove's ghost (journeyman DsBe)
  4474 | D:12     | Noticed a salamander
  4584 | D:12     | You fall through a shaft!
  5021 | D:9      | Shot with an arrow of frost by a centaur
  5022 | D:9      | Reached XP level 8. HP: 0/33 MP: 15/15
  5087 | D:9      | Reached skill level 10 in Stealth
  5088 | D:9      | Reached XP level 9. HP: 29/36 MP: 16/16
  5152 | D:10     | Noticed Erolcha
  5157 | D:10     | Killed Erolcha
  5359 | D:8      | Gained mutation: You have a pair of small horns on your head. [evolution]
  5429 | D:8      | Found a staircase to the Lair.
  5440 | Lair:1   | Entered Level 1 of the Lair of Beasts
  5527 | Lair:2   | Noticed a spiny frog
  5672 | Lair:2   | Learned a level 4 spell: Passage of Golubria
  5681 | Lair:2   | Noticed a black mamba
  5687 | Lair:2   | Killed a black mamba
  5717 | Lair:2   | Noticed a spiny frog
  5730 | Lair:2   | Killed a spiny frog
  5761 | Lair:2   | Noticed a spiny frog
  5771 | Lair:2   | Killed a spiny frog
  5771 | Lair:2   | Reached XP level 10. HP: 40/40 MP: 18/18
  5836 | Lair:2   | Reached *** piety under Makhleb
  5966 | Lair:4   | Reached skill level 5 in Spellcasting
  6014 | Lair:4   | Found a hole to the Spider Nest.
  6077 | Lair:4   | Noticed a griffon
  6089 | Lair:4   | Killed a griffon
  6268 | Lair:6   | Slain by an iguana

Vault maps used:
D:1:      minmay_arrival_four_houses, hangedman_abyss_or_decor_lesser_grid
D:2:      minmay_misc_feat_pillars, serial_bayou_pond_a
D:3:      grunt_temple_overflow_open, serial_bayou_crossing
D:4:      minmay_vboxes
D:5:      lemuel_doored_altar, first_bread
D:6:      tso_oasis_becter, fedhas_altar_2
D:7:      fiery_altar_vehumet, minmay_temple_entry_from_below_a,
          grunt_decor_mini_mirrors, uniq_joseph
D:8:      due_lair_maze_entry_diamond, uniq_maurice, uniq_erica, uniq_gastronok
D:9:      minmay_orc_entry_temple_large, serial_shops,
          nicolae_shop_behind_doors, shop
D:10:     hangedman_fish_farm, uniq_harold, uniq_erolcha
D:11:     kb_rosetta, uniq_nergalle
D:12:     lemuel_freeze_loot_1, uniq_azrael
D:13:     serial_shops, shop_statue, nicolae_shop_behind_doors,
          lab_entry_generic, evilmike_ruin_ashenzari
D:14:     david_vaults_2, serial_shops, shop, nicolae_shop_stone, shop,
          lemuel_flame_loot_1, uniq_josephine, uniq_agnes
D:15:     grunt_enter_depths_snipers, minmay_tree_intersection, uniq_sonja,
          uniq_louise
Temple:   circular_temple_12
Lair:1:   serial_bayou_shore_b
Lair:2:   forest_entry_grove
Lair:3:   minmay_swamp_entry_swarm, grunt_megastairs_5
Lair:4:   spider_nest_entry_web_field, lemuel_old_faithful
Lair:6:   kennysheep_basilisk_garden, serial_bayou_shore_a, grunt_megastairs_2
Lab:      nicolae_lab_big_swirl, nicolae_lab_plus, nicolae_lab_very_dead_end,
          nicolae_lab_quarters, nicolae_lab_diamond, nicolae_lab_dead_end,
          labyrinth_skeletal_remains

Action                   |  1- 3 |  4- 6 |  7- 9 | 10-12 || total
-------------------------+-------+-------+-------+-------++-------
Melee: Unarmed           |    29 |    88 |   244 |    60 ||   421
Evoke: Wand              |       |     3 |    17 |     2 ||    22
       Deck              |       |       |     4 |     3 ||     7
  Use: Scroll            |     3 |     4 |     6 |     1 ||    14
       Potion            |       |     2 |     5 |       ||     7
 Stab: Sleeping          |     9 |     9 |    30 |    10 ||    58
       Confused          |       |       |     2 |       ||     2
       Distracted        |       |       |     1 |       ||     1
       Held in net/web   |       |       |       |     1 ||     1
  Eat: Chunk             |     5 |     3 |    29 |     3 ||    40
